 Dungeon Crawl Stone Soup version 0.27.1-1-g398f81649c (webtiles) character file.

Game seed: 16903996303219357672

2093 MisterFreud the Shield-Bearer (level 9, -3/74 HPs)
             Began as a Gnoll Fighter on Sept 12, 2021.
             Was an Elder of Dithmenos.
             Killed from afar by a steam dragon (12 damage)
             ... with a ball of steam
             ... on level 6 of the Dungeon.
             The game lasted 00:08:13 (7372 turns).

MisterFreud the Shield-Bearer (Gnoll Fighter)       Turns: 7372, Time: 00:08:14

Health: -3/74      AC: 10    Str: 16    XL:     9   Next: 27%
Magic:  15/15      EV: 11    Int: 10    God:    Dithmenos [****..]
Gold:   255        SH: 10    Dex: 12    Spells: 16/16 levels left

rFire    . . .     SeeInvis .   C - +0 dagger (venom)
rCold    . . .     Faith    .   c - +0 kite shield
rNeg     . . .     Spirit   .   B - +0 acid dragon scales
rPois    .         Reflect  .   o - +0 helmet
rElec    .         Harm     .   (no cloak)
rCorr    +         Rampage  .   k - +0 pair of gloves
Will     .....                  (no boots)
Stlth    +++.......             (no amulet)
HPRegen  0.22/turn              (no ring)
MPRegen  0.14/turn              (no ring)

@: about to teleport, wreathed by umbra
A: fangs 1, strong nose, distributed training
a: Renounce Religion, Shadow Step


You were on level 6 of the Dungeon.
You worshipped Dithmenos.
Dithmenos was greatly pleased with you.
You visited 1 branch of the dungeon, and saw 6 of its levels.

You collected 255 gold pieces.

Inventory:

Hand Weapons
 a - a +0 rapier
 n - a +1 dagger of holy wrath
 C - a +0 dagger of venom (weapon)
Missiles
 l - 21 poisoned darts (quivered)
 r - 5 boomerangs
Armour
 b - a +0 scale mail
 c - a +0 kite shield (worn)
 k - a +0 pair of gloves (worn)
 o - a +0 helmet (worn)
 B - +0 acid dragon scales (worn)
Jewellery
 m - a ring of protection from cold
 z - an amulet of the acrobat
Wands
 t - a wand of mindburst (14)
 v - a wand of iceblast (8)
 y - a wand of paralysis (10)
Scrolls
 d - a scroll of fear {unknown}
 e - 2 scrolls of amnesia {unknown}
 g - 2 scrolls of teleportation
 h - a scroll of brand weapon {unknown}
 i - 3 scrolls of identify {unknown}
 u - a scroll of summoning {unknown}
 A - a scroll of vulnerability {unknown}
Potions
 f - 4 potions of heal wounds {unknown}
 j - 2 potions of flight {unknown}
 p - a potion of lignification {unknown}
 q - a potion of degeneration {unknown}
 s - a potion of curing {unknown}
 w - a potion of haste
 x - a potion of mutation {unknown}


   Skills:
 + Level 7.8 Fighting
 + Level 6.2 Short Blades
 + Level 4.1 Long Blades
 + Level 4.1 Axes
 + Level 4.1 Maces & Flails
 + Level 4.1 Polearms
 + Level 4.1 Staves
 + Level 4.1 Slings
 + Level 4.1 Bows
 + Level 4.1 Crossbows
 + Level 4.1 Throwing
 + Level 7.8 Armour
 + Level 4.1 Dodging
 + Level 4.1 Stealth
 + Level 7.8 Shields
 + Level 4.1 Unarmed Combat
 + Level 4.1 Spellcasting
 + Level 3.3 Conjurations
 + Level 3.3 Hexes
 + Level 3.3 Summonings
 + Level 3.3 Necromancy
 + Level 3.3 Translocations
 + Level 3.3 Transmutations
 + Level 3.3 Fire Magic
 + Level 3.3 Ice Magic
 + Level 3.3 Air Magic
 + Level 3.3 Earth Magic
 + Level 3.3 Poison Magic
 + Level 4.5 Invocations
 + Level 4.1 Evocations


You had 16 spell levels left.
You didn't know any spells.
Your spell library was empty.

Dungeon Overview and Level Annotations

Branches:
Dungeon (6/15)             Temple (0/1) D:5

Altars:
Cheibriados
Dithmenos
Elyvilon
Hepliaklqana
Makhleb
Okawaru
Qazlal
Trog
Vehumet
Xom

Shops:
D:3 =

Annotations:
D:2 1 runed translucent door, Crazy Yiuf


Innate Abilities, Weirdness & Mutations

You have very sharp teeth.
Your uncanny sense of smell can sniff out nearby items.
Your experience applies equally to all skills.


Message History

Unknown command.
You now have 255 gold pieces (gained 12).
You hear the brisk hiss of an avalanche of sand nearby.
You see here a hound corpse.
You see here 17 stones.
A steam dragon comes into view.
The steam dragon hisses angrily.
A steam dragon comes into view.
The steam dragon breathes steam at you. The ball of steam hits you!
The steam dragon bites the fungus.
The fungus begins to die.
The steam dragon claws the fungus.
The steam dragon hisses angrily.
The steam dragon closely misses you. The steam dragon claws you.
* * * LOW HITPOINT WARNING * * *
The steam dragon breathes steam at you. The ball of steam hits you.
* * * LOW HITPOINT WARNING * * *
You barely miss the steam dragon.
You are engulfed in a cloud of scalding steam.
* * * LOW HITPOINT WARNING * * *
The fungus is engulfed in a cloud of scalding steam.
The fungus begins to die.
Unknown command.
Unknown command.
Unknown command.
As you read the scroll labelled UNOTUT OHOP, it crumbles to dust.
You feel strangely unstable.
It was a scroll of teleportation.
You are engulfed in a cloud of scalding steam.
* * * LOW HITPOINT WARNING * * *
The fungus is engulfed in a cloud of scalding steam.
You block the steam dragon's attack.
The steam dragon claws you but does no damage.
Unknown command.
Unknown command.
Unknown command.
The fungus is engulfed in a cloud of scalding steam. x2
The fungus begins to die.
The steam dragon breathes steam at you. The ball of steam hits you!
You die...

........##.......#..#
.......###......##..#
<..........##...#..P#
...........##...#≈.P#
................#P.≈#
..)"............#...#
......##.#......#≈.≈# .
...............##§§≈#....
##.............#@§DPP#
#.............##PP.≈PP#
#.....#.......#^...§.P.#
#..#.. #....)#^...§§^≈#
##...§D.P# #P...PD##
###.PP## ####


You could see a steam dragon (catching breath).

Vanquished Creatures
  Grinder (D:3)
  Sigmund (D:5)
  An acid dragon (D:5)
  An ice beast (D:5)
  3 ogres
  A phantom (D:6)
  3 scorpions
  A water moccasin zombie (D:5)
  A centaur zombie (D:5)
  3 hounds
  2 centaur skeletons
  An orc priest (D:4)
  3 iguanas
  2 gnoll shamans
  Natasha (thrice) (D:3)
  6 orc wizards
  Terence (D:2)
  2 hound skeletons (D:5)
  Robin (D:3)
  6 adders
  19 gnolls
  A shadow imp (D:5)
  3 worms
  2 dart slugs
  10 orcs
  9 endoplasms
  5 giant cockroaches
  12 goblins
  11 hobgoblins
  3 jackals (D:4)
  9 kobolds
  4 quokkas
  9 ball pythons
  5 bats
  2 frilled lizards
  4 rats
151 creatures vanquished.

Notes
Turn   | Place    | Note
-------+----------+-------------------------------------------
     0 | D:1      | MisterFreud the Gnoll Fighter began the quest for the Orb.
     0 | D:1      | Reached XP level 1. HP: 23/23 MP: 1/1
   131 | D:1      | Reached XP level 2. HP: 24/29 MP: 2/2
   558 | D:1      | Found a faded altar of an unknown god.
   753 | D:1      | Became a worshipper of Dithmenos the Shadowed
   753 | D:1      | Reached * piety under Dithmenos
   965 | D:2      | Reached XP level 3. HP: 35/35 MP: 3/3
  1012 | D:2      | Found a white marble altar of Elyvilon.
  1094 | D:2      | Noticed Terence
  1112 | D:2      | Killed Terence
  1113 | D:2      | Reached skill level 1 in Invocations
  1254 | D:2      | Reached skill level 1 in Long Blades
  1254 | D:2      | Reached skill level 1 in Axes
  1254 | D:2      | Reached skill level 1 in Maces & Flails
  1254 | D:2      | Reached skill level 1 in Polearms
  1254 | D:2      | Reached skill level 1 in Staves
  1254 | D:2      | Reached skill level 1 in Slings
  1254 | D:2      | Reached skill level 1 in Bows
  1254 | D:2      | Reached skill level 1 in Crossbows
  1254 | D:2      | Reached skill level 1 in Throwing
  1254 | D:2      | Reached skill level 1 in Dodging
  1254 | D:2      | Reached skill level 1 in Stealth
  1254 | D:2      | Reached skill level 1 in Unarmed Combat
  1254 | D:2      | Reached skill level 1 in Spellcasting
  1254 | D:2      | Reached skill level 1 in Evocations
  1446 | D:2      | Reached XP level 4. HP: 41/41 MP: 5/5
  1878 | D:2      | Found a runed translucent door.
  1879 | D:2      | Noticed Crazy Yiuf
  2072 | D:3      | Reached ** piety under Dithmenos
  2093 | D:3      | Reached skill level 1 in Conjurations
  2093 | D:3      | Reached skill level 1 in Hexes
  2093 | D:3      | Reached skill level 1 in Summonings
  2093 | D:3      | Reached skill level 1 in Necromancy
  2093 | D:3      | Reached skill level 1 in Translocations
  2093 | D:3      | Reached skill level 1 in Transmutations
  2093 | D:3      | Reached skill level 1 in Fire Magic
  2093 | D:3      | Reached skill level 1 in Ice Magic
  2093 | D:3      | Reached skill level 1 in Air Magic
  2093 | D:3      | Reached skill level 1 in Earth Magic
  2093 | D:3      | Reached skill level 1 in Poison Magic
  2278 | D:3      | Found Mosheh's Jewellery Shoppe.
  2478 | D:3      | Noticed Robin
  2510 | D:3      | Reached XP level 5. HP: 39/47 MP: 6/6
  2528 | D:3      | Killed Robin
  2704 | D:3      | Noticed Grinder
  2722 | D:3      | Paralysed by Grinder for 6 turns
  2735 | D:3      | Killed Grinder
  2736 | D:3      | Reached skill level 5 in Short Blades
  2736 | D:3      | Reached XP level 6. HP: 31/53 MP: 7/9
  3067 | D:3      | Noticed Natasha
  3073 | D:3      | Killed Natasha
  3085 | D:3      | Noticed Natasha
  3095 | D:3      | Killed Natasha
  3295 | D:3      | Noticed Natasha
  3307 | D:3      | Killed Natasha
  3519 | D:4      | Reached XP level 7. HP: 53/59 MP: 10/10
  3843 | D:4      | Reached *** piety under Dithmenos
  3943 | D:4      | Found a shimmering altar of Xom.
  4021 | D:4      | Found a stormy altar of Qazlal.
  4204 | D:4      | Found a bloodstained altar of Trog.
  4204 | D:4      | Found a hazy altar of Hepliaklqana.
  4209 | D:4      | Found a radiant altar of Vehumet.
  4616 | D:4      | Reached XP level 8. HP: 67/67 MP: 12/12
  5154 | D:4      | Found a burning altar of Makhleb.
  5155 | D:4      | Noticed a balrug
  5276 | D:5      | Entered Level 5 of the Dungeon
  5561 | D:5      | Found a staircase to the Ecumenical Temple.
  6079 | D:5      | Noticed Sigmund
  6089 | D:5      | Killed Sigmund
  6180 | D:5      | Found an iron altar of Okawaru.
  6897 | D:5      | Reached XP level 9. HP: 21/72 MP: 14/14
  7215 | D:6      | Found a snail-covered altar of Cheibriados.
  7313 | D:6      | Reached **** piety under Dithmenos
  7372 | D:6      | Killed from afar by a steam dragon

Illustrated notes

Levels and vault maps discovered:
D:1:      amcnicky_arrival_choice, layout_basic,
          chequers_ecumenical_altar_twisty, roderic_serpentine_path
D:2:      layout_basic, basic_altar, uniq_crazy_yiuf_cottage, uniq_terence
D:3:      layout_loops_ring, cheibrodos_sewer_entry_bend, serial_shops,
          nicolae_shop_crystal, hangedman_decor_points, uniq_robin,
          uniq_grinder, uniq_natasha
D:4:      layout_loops_corners, makhleb_altar_promises_db, minitemple,
          small_statue_intersection, hangedman_abyss_or_decor_stagger,
          grunt_ministairs_10
D:5:      layout_loops_corners, mainiacjoe_overflow_concentric_impassable,
          minmay_temple_entry_antechambers, minmay_misc_feat_doors, uniq_sigmund
D:6:      kennysheep_steamy, layout_cave_pools, mainiacjoe_overflow_big_doors,
          nicolae_ossuary_entry_false_entrances, minmay_fountain_box,
          hangedman_glass_garden

Skill      XL: |  1  2  3  4  5  6  7  8  9 |
---------------+----------------------------+-----
Invocations    | 1 2 3 4 |  4.5
Long Blades    | 1 2 3 4 |  4.1
Axes           | 1 2 3 4 |  4.1
Maces & Flails | 1 2 3 4 |  4.1
Polearms       | 1 2 3 4 |  4.1
Staves         | 1 2 3 4 |  4.1
Slings         | 1 2 3 4 |  4.1
Bows           | 1 2 3 4 |  4.1
Crossbows      | 1 2 3 4 |  4.1
Throwing       | 1 2 3 4 |  4.1
Dodging        | 1 2 3 4 |  4.1
Stealth        | 1 2 3 4 |  4.1
Unarmed Combat | 1 2 3 4 |  4.1
Spellcasting   | 1 2 3 4 |  4.1
Evocations     | 1 2 3 4 |  4.1
Conjurations   | 1 2 3 |  3.3
Hexes          | 1 2 3 |  3.3
Summonings     | 1 2 3 |  3.3
Necromancy     | 1 2 3 |  3.3
Translocations | 1 2 3 |  3.3
Transmutations | 1 2 3 |  3.3
Fire Magic     | 1 2 3 |  3.3
Ice Magic      | 1 2 3 |  3.3
Air Magic      | 1 2 3 |  3.3
Earth Magic    | 1 2 3 |  3.3
Poison Magic   | 1 2 3 |  3.3
Short Blades   | 5 6 |  6.2
Fighting       | 7 |  7.8
Armour         | 7 |  7.8
Shields        | 7 |  7.8

Action                   |  1- 3 |  4- 6 |  7- 9 || total
-------------------------+-------+-------+-------++-------
Melee: Rapier            |    87 |   170 |   459 ||   716
       Bite              |     9 |    16 |    47 ||    72
       Dagger            |       |       |    19 ||    19
Throw: Dart              |       |       |     4 ||     4
Evoke: Wand              |       |       |     2 ||     2
  Use: Potion            |       |     1 |       ||     1
       Scroll            |       |       |     1 ||     1
 Stab: Paralysed         |       |       |     2 ||     2
       Sleeping          |       |       |     1 ||     1
Armor: Scale mail        |    32 |    56 |   104 ||   192
       Acid dragon scale |       |       |    44 ||    44
Dodge: Dodged            |    19 |    57 |   187 ||   263
Block: Kite shield       |    38 |   101 |   224 ||   363
